 Dungeon Crawl Stone Soup version 0.29-a0-333-gb4c28e87c6 (webtiles) character file.

Game seed: 2276179223926721452

159 Jortsu the Skirmisher (level 5, -5/41 HPs)
             Began as a Demonspawn Fighter on Apr 13, 2022.
             Was a Follower of Wu Jian.
             Slain by a wight
             ... wielding a +0 battleaxe
              (13 damage)
             ... on level 3 of the Dungeon.
             The game lasted 00:03:54 (2874 turns).

Jortsu the Skirmisher (Demonspawn Fighter)          Turns: 2874, Time: 00:03:55

Health: -5/41      AC: 13    Str: 24    XL:     5   Next: 17%
Magic:  5/5        EV:  7    Int:  9    God:    Wu Jian [*.....]
Gold:   863        SH:  4    Dex: 13    Spells: 4/4 levels left

rFire   . . .      SeeInvis .   a - +0 war axe
rCold   . . .      Faith    .   c - +0 buckler
rNeg    . . .      Spirit   .   t - +0 chain mail
rPois   .          Reflect  .   (no helmet)
rElec   .          Harm     .   (no cloak)
rCorr   .          Rampage  .   i - +1 pair of gloves
Will    .....                   (no boots)
Stlth   ..........              (no amulet)
HPRegen 0.13/turn               q - +6 ring of strength
MPRegen 0.18/turn               (no ring)

@: no status effects
A: hooves 1, magic regeneration, sharp scales 2
a: Renounce Religion


You were on level 3 of the Dungeon.
You worshipped Wu Jian.
Wu Jian was aware of your devotion.
You visited 1 branch of the dungeon, and saw 3 of its levels.

You collected 927 gold pieces.
You spent 64 gold pieces at shops.

Inventory:

Hand Weapons
 a - a +0 war axe (weapon)
Armour
 c - a +0 buckler (worn)
 i - a +1 pair of gloves (worn)
 t - a +0 chain mail (worn)
Jewellery
 q - a +6 ring of strength (left hand)
Scrolls
 j - a scroll of immolation
 k - a scroll of fear
 l - 2 scrolls of enchant armour
 o - 2 scrolls of identify
 p - 2 scrolls of holy word
 s - a scroll of fog {unknown}
Potions
 d - a potion of might
 e - a potion of berserk rage
 f - a potion of haste {unknown}
 g - a potion of invisibility {unknown}
 h - 2 potions of curing {unknown}
 m - a potion of resistance {unknown}
 n - a potion of mutation {unknown}
 r - a potion of degeneration {unknown}


   Skills:
 + Level 3.5 Fighting
 + Level 3.5 Axes
 + Level 3.5 Armour
 + Level 0.5 Dodging
 + Level 3.0 Shields


You had 4 spell levels left.
You didn't know any spells.
Your spell library contained the following spells:

 Spells                   Type           Power      Damage    Failure   Level
 Summon Small Mammal      Summ           0%         N/A       98%         1
 Call Canine Familiar     Summ           0%         N/A       100%        3
 Summon Guardian Golem    Hex/Summ       0%         N/A       100%        3


Dungeon Overview and Level Annotations

Branches:
Dungeon (3/15)

Altars:
Wu Jian

Shops:
D:2 ***=


Innate Abilities, Weirdness & Mutations

You have large cloven feet.
You regenerate magic rapidly.
You are mostly covered in razor-sharp scales. (AC +2, Slay +2)


Message History

You completely miss the orc.
The orc is almost dead.
The orc barely misses you.
You barely miss the orc. You kick the orc, but do no damage.
The orc is almost dead.
The orc barely misses you. The orc hits you but does no damage.
You slash the orc!
You kill the orc!
The Council accepts your kill.
You barely miss the wight. You kick the wight, but do no damage.
The wight hits you with a +0 battleaxe. The wight barely misses you.
You hit the wight but do no damage. You kick the wight.
The wight is moderately damaged.
The wight closely misses you.
You barely miss the wight. Your kick misses the wight.
The wight is moderately damaged.
You block the wight's attack.
You hit the wight but do no damage. You kick the wight, but do no damage.
The wight is moderately damaged.
You barely miss the wight. The wight hits you with a +5 falchion.
You feel drained.
You slash the wight! Your kick misses the wight.
The wight is almost destroyed.
The wight hits you with a +5 falchion!
You hit the wight.
You destroy the wight!
The Council accepts your kill. The wight hits you but does no damage.
Your life force feels restored.
You have reached level 5!
Your demonic ancestry asserts itself...
Sharp scales spread over more of your body.
You barely miss the wight.
The wight is moderately damaged.
The wight hits you with a +0 battleaxe!
* * * LOW HITPOINT WARNING * * *
You closely miss the wight. Your kick misses the wight.
The wight is moderately damaged.
The wight hits you with a +0 battleaxe!
You die...

.# .# ### .## ### #.. ..# #.. .o
..# #.# zz ..# #.# #o ..# #.#
.##. ..###.#####.##z######
..........#.##oz@...#
............#######.#
#..#.#..#........##.#############
....###...######.##.##..........#
...## ##..#....[.......########.#
....###...#.##......#### #.#
#..<.#..#†#.##.....#### #.#
......#...............# #.#
.....##..#####.#.#.##.# #.#


You could see 2 wights and an orc.

Vanquished Creatures
  A wight (D:3)
  4 adders
  A worm (D:2)
  2 orcs (D:3)
  6 ball pythons
  9 bats
  8 endoplasms
  2 giant cockroaches
  6 goblins
  3 hobgoblins
  8 jackals
  6 kobolds
  A quokka (D:3)
  A frilled lizard (D:2)
  4 rats
62 creatures vanquished.

Notes
Turn   | Place    | Note
-------+----------+-------------------------------------------
     0 | D:1      | Jortsu the Demonspawn Fighter began the quest for the Orb.
     0 | D:1      | Reached XP level 1. HP: 18/18 MP: 1/1
   120 | D:1      | Gained mutation: You have large cloven feet. [demonic
                  | ancestry]
   120 | D:1      | Reached XP level 2. HP: 18/24 MP: 2/2
  1082 | D:2      | Found Lomamn's General Store.
  1114 | D:2      | Gained mutation: You are partially covered in razor-sharp
                  | scales. (AC +1, Slay +1) [demonic ancestry]
  1114 | D:2      | Reached XP level 3. HP: 18/29 MP: 3/3
  1253 | D:2      | Found Suhy's Jewellery Emporium.
  1343 | D:2      | Found Ysefrud's General Store.
  1712 | D:2      | Found Vottum's Assorted Antiques.
  1720 | D:2      | Bought a scroll labelled MODOAD NE MUE for 32 gold pieces
  1720 | D:2      | Bought a scroll labelled EGY JAOCLEI for 32 gold pieces
  1919 | D:2      | Gained mutation: You regenerate magic rapidly. [demonic
                  | ancestry]
  1919 | D:2      | Reached XP level 4. HP: 35/35 MP: 4/4
  1976 | D:2      | Acquired 727 gold pieces
  2136 | D:3      | Found a faded altar of an unknown god.
  2152 | D:3      | Prayed at the altar of an unknown god.
  2152 | D:3      | Became a worshipper of the Wu Jian Council
  2152 | D:3      | Reached * piety under Wu Jian
  2873 | D:3      | Gained mutation: You are mostly covered in razor-sharp
                  | scales. (AC +2, Slay +2) [demonic ancestry]
  2873 | D:3      | Reached XP level 5. HP: 23/41 MP: 5/5
  2874 | D:3      | Slain by a wight

Illustrated notes

Levels and vault maps discovered:
D:1:      dpeg_arrival_round_a, layout_basic, minmay_misc_feat_ornament,
          hangedman_decor_slide_cut
D:2:      layout_rooms, serial_shops, nicolae_shop_advertising_works
          [nicolae_subvault_shop_adworks], shop, shop,
          nicolae_shop_hallway_plus, kennysheep_nondescript,
          minmay_quadrilaterals
D:3:      layout_loops_ring, hellmonk_ecumenical_altar_dog_temple,
          nrook_mini_backslash

Skill      XL: |  1  2  3  4 |
---------------+-------------+-----
Axes           | 2 3 |  3.5
Armour         | 3 |  3.5
Shields        | 3 |  3.0
Fighting       | |  3.5
Dodging        | |  0.5

Action                   |  1- 3 |  4- 6 || total
-------------------------+-------+-------++-------
Melee: War axe           |    87 |    58 ||   145
       Kick              |    12 |    11 ||    23
Invok: Lunge             |       |     5 ||     5
  Use: Scroll            |     3 |     5 ||     8
Armor: Scale mail        |    78 |    25 ||   103
       Chain mail        |       |     4 ||     4
Dodge: Dodged            |    54 |    31 ||    85
Block: Buckler           |    26 |    12 ||    38

Table legend: (Time is in decaauts)
 A = Elapsed time spent in this place.
 B = Non-inter-level travel time spent in this place.
 C = Inter-level travel time spent in this place.
 D = Time resting spent in this place.
 E = Time spent auto-exploring this place.
 F = Levels seen in this place.
 G = Mean time per level.
                   A        B        C        D        E       F      G
               +--------+--------+--------+--------+--------+-----+--------+
         Total |   2930 |   2875 |     55 |    370 |   1962 |   3 |  976.7 |
       Dungeon |   2930 |   2875 |     55 |    370 |   1962 |   3 |  976.7 |
               +--------+--------+--------+--------+--------+-----+--------+

Top non-repeatable levels by time:
     D:2: 1191 daAuts
     D:1: 981 daAuts
     D:3: 757 daAuts
